 Dungeon Crawl Stone Soup version 0.18-a0-1292-ge8ad84c (webtiles) character file.

114 abixa the Chopper (level 5, 30/38 HPs)
             Began as a Human Gladiator on Feb 9, 2016.
             Was a Follower of Jiyva.
             Quit the game on level 3 of the Dungeon.
             The game lasted 00:04:19 (1682 turns).

abixa the Chopper (Human Gladiator)                 Turns: 1682, Time: 00:04:19

Health: 30/38      AC:  6    Str: 15    XL:     5   Next: 19%
Magic:  5/5        EV: 12    Int:  9    God:    Jiyva [*.....]
Gold:   155        SH:  0    Dex: 14    Spells: 0 memorised, 4 levels left

rFire  . . .     SeeInvis .     a - +0 war axe
rCold  . . .     Gourm    .     m - +0 ring mail (curse)
rNeg   . . .     Faith    .     (no shield)
rPois  .         Spirit   .     c - +0 helmet
rElec  .         Dismiss  .     (no cloak)
rCorr  .         Reflect  .     (no gloves)
SustAt .         Harm     .     (no boots)
MR     .....                    (no amulet)
Stlth  +.........               (no ring)
                                (no ring)

@: not resistant to hostile enchantments, very unstealthy
A: no striking features
a: Request Jelly, Renounce Religion


You were on level 3 of the Dungeon.
You worshipped Jiyva.
Jiyva was aware of your devotion.
You were hungry.

You visited 1 branch of the dungeon, and saw 3 of its levels.

You collected 155 gold pieces.

Inventory:

Hand Weapons
 a - a +0 war axe (weapon)
Missiles
 d - 3 throwing nets (quivered)
 h - 38 stones
 k - 25 bolts
 p - 10 arrows
 s - 12 silver bolts
Armour
 c - a +0 helmet (worn)
 m - a cursed +0 ring mail (worn)
Scrolls
 e - a scroll of identify {unknown}
 i - a scroll of amnesia {unknown}
 l - a scroll of enchant weapon {unknown}
 n - a scroll of magic mapping {unknown}
 o - a scroll of random uselessness {unknown}
 q - a scroll of remove curse {unknown}
Potions
 b - a potion of degeneration {unknown}
 g - a potion of heal wounds {unknown}
 j - a potion of brilliance {unknown}
Comestibles
 f - a bread ration


   Skills:
 - Level 2.0 Fighting
 + Level 5.5 Axes
 - Level 2.0 Throwing
 - Level 3.0 Dodging


You had 4 spell levels left.
You didn't know any spells.

Dungeon Overview and Level Annotations

Branches:
Dungeon (3/15)

Altars:
Fedhas
Gozag
Pakellas
Ru
Vehumet
The Shining One
Jiyva


Message History

You closely miss the orc. The orc misses you.
You hit the orc.
The orc is lightly wounded.
The orc hits you but does no damage.
You barely miss the orc.
The orc is lightly wounded.
You hear a slurping noise.
Jiyva appreciates your sacrifice.
You hit the orc.
You kill the orc!
You hit the orc.
The orc is lightly wounded.
The orc hits you with a falchion.
You closely miss the orc.
The orc is lightly wounded.
The orc completely misses you. The orc barely misses you.
You slash the orc!
You kill the orc!
No target in view!
Are you sure you want to abandon this character and quit the game? (Confirm with "yes".)

#...............
#.........#......
#?........#......
#.........#......
##.........# ....
#.......#### ...
###...8...####
#....8J8.....#
#...8.@)8....#
#....8.8.....#
#.....8......#
#............#
#............#
#............#
#............#
#............#


You could see a neutral jelly (fellow slime).

Vanquished Creatures
  Ijyb (D:2)
  2 adders
  4 oozes
  A worm (D:2)
  2 orcs (D:3)
  7 bats
  6 giant cockroaches
  3 goblins
  7 hobgoblins
  4 kobolds
  8 giant newts
  2 rats (D:1)
47 creatures vanquished.

Notes
Turn   | Place    | Note
--------------------------------------------------------------
     0 | D:1      | abixa the Human Gladiator began the quest for the Orb.
     0 | D:1      | Reached XP level 1. HP: 16/16 MP: 1/1
    67 | D:1      | Reached XP level 2. HP: 13/22 MP: 2/2
   420 | D:1      | Reached skill level 4 in Axes
   420 | D:1      | Reached XP level 3. HP: 23/27 MP: 3/3
   427 | D:1      | Found a glowing golden altar of the Shining One.
   903 | D:2      | Reached XP level 4. HP: 23/33 MP: 4/4
   905 | D:2      | Found an oddly glowing altar of Pakellas.
   905 | D:2      | Found a radiant altar of Vehumet.
   906 | D:2      | Found an opulent altar of Gozag.
   908 | D:2      | Found a blossoming altar of Fedhas.
   908 | D:2      | Found a sacrificial altar of Ru.
  1068 | D:2      | Noticed Ijyb
  1085 | D:2      | Killed Ijyb
  1085 | D:2      | Reached skill level 5 in Axes
  1638 | D:3      | Reached XP level 5. HP: 38/38 MP: 5/5
  1663 | D:3      | Found a faded altar to an unknown god.
  1672 | D:3      | Became a worshipper of Jiyva Jenouc the Shapeless
  1672 | D:3      | Reached * piety under Jiyva
  1682 | D:3      | Quit the game

Vault maps used:
D:1:      mushboom_english_gardens, kennysheep_pointless_box,
          minmay_misc_feat_cross, st_stairs_3, tso_metal_star
D:2:      grunt_temple_overflow_open, uniq_iyjb
D:3:      kennysheep_six_static_rooms, ecumenical_altar_2, portal_sewer_entry_e,
          minmay_box_of_dots

Action                   |  1- 3 |  4- 6 || total
-------------------------+-------+-------++-------
Melee: War axe           |    98 |    51 ||   149
  Eat: Chunk             |       |     2 ||     2
